 Dungeon Crawl Stone Soup version 0.16.2-12-gd0ad4c3 (webtiles) character file.

25139 faibistes the Thaumaturge (level 12, -4/68 HPs)
             Began as a Deep Elf Wizard on Oct 28, 2018.
             Was the Champion of Sif Muna.
             Slain by an eight-headed hydra (12 damage)
             ... on level 5 of the Lair of Beasts.
             The game lasted 00:52:21 (19110 turns).

faibistes the Thaumaturge (Deep Elf Wizard)        Turns: 19110, Time: 00:52:21

Health: -4/68      AC: 10    Str:  4    XL:     12   Next: 86%
Magic:  26/45      EV: 17    Int: 29    God:    Sif Muna [******]
Gold:   782        SH:  0    Dex: 13    Spells: 10 memorised, 9 levels left

rFire  . . .     SeeInvis +     w - +2 dagger (venom)
rCold  . . .     Clarity  .     F - +0 robe {MR+}
rNeg   . . .     SustAb   .     (no shield)
rPois  .         Gourm    .     A - +1 helmet {SInv}
rElec  .         Spirit   .     u - +0 cloak
rCorr  .         Warding  .     (no gloves)
rMut   .         Stasis   .     K - +0 pair of boots
MR     ++...                    (no amulet)
Stlth  ++........               q - ring of magical power
                                y - +4 ring of protection

@: repel missiles, very resistant to hostile enchantments, unstealthy
A: no striking features
a: Channel Energy, Forget Spell, Renounce Religion


You were on level 5 of the Lair of Beasts.
You worshipped Sif Muna.
Sif Muna was exalted by your worship.
You were not hungry.

You visited 3 branches of the dungeon, and saw 19 of its levels.

You collected 847 gold pieces.
You spent 65 gold pieces at shops.

Inventory:

Hand weapons
 w - a +2 dagger of venom (weapon)
 x - a +0 dagger of electrocution
 E - the +7 long sword of Resourcefulness {vamp, Str+2}
   (You found it on level 4 of the Lair of Beasts)

   It inflicts no extra harm, but heals its wielder somewhat when it strikes a
   living foe.
   It affects your strength (+2).
Armour
 u - a +0 cloak (worn)
 A - a +1 helmet of see invisible (worn)
 F - a +0 robe of magic resistance (worn)
 K - a +0 pair of boots (worn)
Jewellery
 o - an uncursed ring of stealth
 q - a ring of magical power (right hand)
 y - a +4 ring of protection (left hand)
Magical devices
 i - a wand of fire (11)
 v - a wand of frost (31)
 C - a wand of paralysis (15)
 G - a wand of draining (5)
 I - a wand of enslavement (9)
 L - a wand of frost (27)
Scrolls
 e - 3 scrolls of teleportation
 k - a scroll of immolation
 l - 2 scrolls of blinking
 n - 6 scrolls of remove curse
 B - 2 scrolls of fog
 H - 7 scrolls of identify
Potions
 b - 3 potions of heal wounds
 c - a potion of lignification {unknown}
 f - a potion of cancellation {unknown}
 g - 4 potions of brilliance
 j - a potion of flight
 m - 3 potions of agility
 p - 3 potions of curing
 z - 2 potions of might
Books
 a - Sif Muna's Grimoire of the Voyage
   (Sif Muna gifted it to you on level 3 of the Lair of Beasts)

   Spells                             Type                      Level
   a - Portal Projectile              Translocation                3
   b - Teleport Other                 Translocation                3
   c - Gell's Gravitas                Hexes/Translocation          5
   d - Summon Forest                  Summoning/Translocation      5
Miscellaneous
 t - a phial of floods
Comestibles
 d - 10 bread rations
 h - a beef jerky
 r - 7 fruits
 s - 5 meat rations
 D - a royal jelly
 J - a chunk of flesh
 M - a slice of pizza


   Skills:
 + Level 4.8 Fighting
 + Level 9.1 Dodging
 - Level 2.4 Stealth
 * Level 13.9 Spellcasting
 + Level 8.3 Conjurations
 + Level 7.5 Charms
   Level 1.1 Summonings
 + Level 7.5 Translocations
 * Level 8.0 Fire Magic
 - Level 3.3 Air Magic
 - Level 2.4 Poison Magic
 * Level 7.8 Invocations
 + Level 6.3 Evocations


You had 9 spell levels left.
You knew the following spells:

 Your Spells              Type           Power        Failure   Level  Hunger
a - Magic Dart            Conj           ####         1%          1    None
b - Conjure Flame         Conj/Fire      ######..     1%          3    None
c - Iskenderun's Battles  Conj/Chrm      ######..     3%          5    None
d - Blink                 Tloc           N/A          1%          2    None
e - Mephitic Cloud        Conj/Pois/Air  #####...     1%          3    None
f - Repel Missiles        Chrm/Air       ######       1%          2    None
h - Shroud of Golubria    Chrm/Tloc      ######....   1%          2    None
i - Passage of Golubria   Tloc           N/A          1%          4    None
x - Dazzling Spray        Conj/Hex       #####...     1%          3    None
z - Iskenderun's Mystic   Conj           ######..     1%          4    None


Dungeon Overview and Level Annotations

Branches:
Dungeon (12/15)            Temple (1/1) D:6            Lair (6/8) D:10
  Swamp: Lair:3-6    Shoals: Lair:3-6     Snake: Lair:3-6    Spider: Lair:3-6
  Slime: Lair:6-8       Orc: D:9-12

Altars:
Ashenzari
Cheibriados
Dithmenos
Elyvilon
Fedhas
Gozag
Kikubaaqudgha
Makhleb
Nemelex Xobeh
Okawaru
Qazlal
Ru
Sif Muna
Trog
Vehumet
Xom
Yredelemnul
Zin
The Shining One

Shops:
D:8 *

Annotations:
D:11 Erolcha


Message History

The eight-headed hydra closely misses you.
The eight-headed hydra barely misses you.
The eight-headed hydra bites you.
* * * LOW HITPOINT WARNING * * *
The eight-headed hydra bites you but does no damage.
The eight-headed hydra closely misses you.
The eight-headed hydra misses you.
Casting: Dazzling Spray
Confirm with . or Enter, or press ? or * to list all spells.
You blink.
The eight-headed hydra is engulfed in roaring flames.
Casting: Blink
Confirm with . or Enter, or press ? or * to list all spells.
You blink.
The eight-headed hydra bites you.
* * * LOW HITPOINT WARNING * * *
The eight-headed hydra misses you.
The eight-headed hydra completely misses you.
The eight-headed hydra closely misses you.
The eight-headed hydra bites you!
You die...

.....P# ............
#.....# ....!.........
#...####........>..%...
##..## #................
#.##.# #................
########................
.#..###.................#
#...##........§..†.....##
........##.#..§.@.......#
#........# #..§D......#.#
###.....P###....§....#.#
#.........#.#.P.......##
......##.....#..#..P..#
.....####..P###..######
...#.# #..### #.## #.####
#### ### ###


You could see an eight-headed hydra.

Vanquished Creatures
  Josephine (D:10)
  2 hydras (Lair:1)
  Erica (Lair:4)
  A death yak (D:10)
  A fire crab (Lair:5)
  A hill giant (D:10)
  2 ugly things
  11 elephants
  8 spiny frogs
  A black mamba (Lair:1)
  The ghost of faibistes the Thaumaturge, an experienced DEWz of Sif Muna (D:6)
  A centaur skeleton (D:10)
  3 komodo dragons
  A fire drake (Lair:4)
  A polar bear (Lair:4)
  A two-headed ogre (D:11)
  A basilisk (Lair:3)
  7 hippogriffs
  13 yaks
  Grum (D:8)
  3 wraiths (D:10)
  9 wolves
  5 water moccasins
  3 phantoms
  3 black bears
  18 porcupines
  An eye of draining (D:11)
  3 ogres
  5 centaurs
  An orc warrior (D:10)
  3 ice beasts
  2 sky beasts
  4 crocodiles
  14 giant frogs
  A wyvern skeleton (D:10)
  3 scorpions
  5 wights (D:7)
  3 crimson imps
  A goliath beetle (D:6)
  4 orc priests
  9 hounds
  Crazy Yiuf (D:2)
  8 orc wizards
  6 worker ants
  7 iguanas
  A killer bee zombie (D:8)
  19 sheep
  Terence (D:3)
  A worker ant zombie (D:11)
  13 adders
  A gnoll (D:1)
  61 river rats
  3 shadow imps
  3 giant mites
  A worm (D:3)
  4 adder skeletons
  5 giant geckos
  An ooze (D:3)
  25 orcs
  A bat skeleton (D:6)
  3 giant cockroaches
  8 goblins
  14 hobgoblins
  3 jackals
  8 quokkas
  19 bats
  A giant gecko zombie (D:6)
  5 giant newts
  A giant spore (D:11)
  11 kobolds
  20 rats
  3 ballistomycetes (D:11)
  A fungus (Lair:3)
  A plant (Lair:4)
419 creatures vanquished.

Vanquished Creatures (collateral kills)
  An adder (D:2)
1 creature vanquished.

Vanquished Creatures (others)
  2 fungi
2 creatures vanquished.

Grand Total: 422 creatures vanquished

Notes
Turn   | Place    | Note
--------------------------------------------------------------
     0 | D:1      | faibistes, the Deep Elf Wizard, began the quest for the Orb.
     0 | D:1      | Reached XP level 1. HP: 10/10 MP: 6/6
   142 | D:3      | Reached XP level 2. HP: 15/15 MP: 8/10
   151 | D:3      | Learned a level 2 spell: Blink
   154 | D:3      | Learned a level 2 spell: Call Imp
   449 | D:2      | Reached skill level 5 in Spellcasting
   566 | D:1      | Reached XP level 3. HP: 19/19 MP: 11/14
   571 | D:1      | Learned a level 3 spell: Conjure Flame
   575 | D:1      | Learned a level 3 spell: Mephitic Cloud
  1121 | D:2      | Found a glowing golden altar of the Shining One.
  1381 | D:2      | Noticed Crazy Yiuf
  1394 | D:2      | Killed Crazy Yiuf
  1394 | D:2      | Reached XP level 4. HP: 24/24 MP: 9/17
  1408 | D:2      | Learned a level 2 spell: Repel Missiles
  1641 | D:4      | Found a shimmering altar of Xom.
  1645 | D:5      | Entered Level 5 of the Dungeon
  1709 | D:3      | Noticed Terence
  1717 | D:3      | Found a shadowy altar of Dithmenos.
  1723 | D:3      | Killed Terence
  1723 | D:3      | Reached skill level 6 in Spellcasting
  2075 | D:4      | Reached XP level 5. HP: 28/28 MP: 20/20
  2895 | D:4      | Found a blossoming altar of Fedhas.
  2902 | D:4      | Found a burning altar of Makhleb.
  2944 | D:4      | Found a white marble altar of Elyvilon.
  3177 | D:5      | Noticed an ogre
  3183 | D:5      | Noticed a phantom
  3186 | D:5      | Killed an ogre
  3186 | D:5      | Reached XP level 6. HP: 19/32 MP: 22/22
  3198 | D:5      | Learned a level 4 spell: Iskenderun's Mystic Blast
  3229 | D:5      | Killed a phantom
  3229 | D:5      | Reached skill level 7 in Spellcasting
  3819 | D:5      | Reached XP level 7. HP: 36/36 MP: 17/25
  4091 | D:5      | Found a sacrificial altar of Ru.
  4200 | D:6      | Reached skill level 5 in Dodging
  4204 | D:6      | Reached skill level 8 in Spellcasting
  4492 | D:6      | Noticed faibistes' ghost (experienced DEWz)
  4495 | D:6      | Killed faibistes' ghost
  4495 | D:6      | Reached skill level 9 in Spellcasting
  4495 | D:6      | Reached XP level 8. HP: 21/41 MP: 24/28
  4821 | D:6      | Reached skill level 1 in Fighting
  4957 | D:6      | Reached skill level 1 in Evocations
  5087 | D:6      | Learned a level 3 spell: Dazzling Spray
  5128 | D:6      | Found a bloodstained altar of Trog.
  5183 | D:6      | Found a staircase to the Ecumenical Temple.
  5193 | Temple   | Entered the Ecumenical Temple
  5208 | Temple   | Became a worshipper of Sif Muna the Loreminder
  5419 | D:7      | Reached skill level 10 in Spellcasting
  5419 | D:7      | Reached skill level 1 in Fire Magic
  5499 | D:7      | Reached skill level 5 in Conjurations
  5499 | D:7      | Reached skill level 1 in Air Magic
  5835 | D:7      | Reached skill level 1 in Poison Magic
  5949 | D:7      | Reached XP level 9. HP: 48/48 MP: 30/30
  6046 | D:7      | Acquired Sif Muna's first power
  7247 | D:8      | Found Araf Stu's General Store.
  7250 | D:8      | Bought a potion of heal wounds for 65 gold pieces
  7255 | D:8      | Noticed Grum
  7263 | D:8      | Killed Grum
  7269 | D:8      | Acquired Sif Muna's second power
  7457 | D:10     | Entered Level 10 of the Dungeon
  8562 | D:10     | Noticed Josephine
  8565 | D:10     | Reached skill level 11 in Spellcasting
  8565 | D:10     | Reached skill level 1 in Charms
  8565 | D:10     | Reached skill level 1 in Invocations
  8567 | D:10     | Noticed a death yak
  8569 | D:10     | Reached skill level 5 in Translocations
  8572 | D:10     | Noticed a hill giant
  8582 | D:10     | Killed a hill giant
  8582 | D:10     | Reached XP level 10. HP: 36/53 MP: 8/32
  8794 | D:10     | Learned a level 5 spell: Iskenderun's Battlesphere
  8813 | D:10     | Learned a level 2 spell: Shroud of Golubria
  8818 | D:10     | Learned a level 4 spell: Passage of Golubria
  8952 | D:10     | Found a staircase to the Lair.
  9180 | D:10     | Killed a death yak
  9607 | D:11     | Noticed a brown ugly thing
  9611 | D:11     | Noticed Erolcha
  9953 | D:10     | Killed Josephine
  9953 | D:10     | Reached skill level 5 in Fire Magic
 10117 | D:10     | Killed a brown ugly thing
 10211 | D:10     | Noticed a centaur skeleton
 10216 | D:10     | Killed a centaur skeleton
 10452 | D:9      | Found an opulent altar of Gozag.
 10536 | D:9      | Reached skill level 12 in Spellcasting
 11022 | D:11     | Noticed a brown ugly thing
 11028 | D:11     | Killed a brown ugly thing
 11028 | D:11     | Reached XP level 11. HP: 60/60 MP: 13/34
 11274 | D:10     | Acquired Sif Muna's third power
 11809 | Lair:1   | Entered Level 1 of the Lair of Beasts
 12243 | Lair:2   | Reached skill level 5 in Invocations
 12337 | Lair:1   | Noticed an eight-headed hydra
 12348 | Lair:1   | Killed an eight-headed hydra
 12348 | Lair:1   | Reached skill level 5 in Charms
 12656 | Lair:1   | Noticed a five-headed hydra
 12665 | Lair:1   | Killed a five-headed hydra
 14489 | Lair:3   | Reached skill level 13 in Spellcasting
 14681 | Lair:2   | Reached skill level 5 in Evocations
 15383 | Lair:4   | Reached XP level 12. HP: 66/66 MP: 35/35
 17038 | Lair:3   | Received a gift from Sif Muna
 17039 | Lair:3   | Identified Sif Muna's Grimoire of the Voyage (Sif Muna gifted it to you on level 3 of the Lair of Beasts)
 17737 | Lair:4   | Got a steaming long sword
 17769 | Lair:4   | Identified the +7 long sword of Resourcefulness {vamp, Str+2} (You found it on level 4 of the Lair of Beasts)
 18237 | Lair:4   | Noticed Erica
 18241 | Lair:4   | Killed Erica
 19098 | Lair:5   | Noticed an eight-headed hydra
 19110 | Lair:5   | Slain by an eight-headed hydra

Action                   |  1- 3 |  4- 6 |  7- 9 | 10-12 || total
-------------------------+-------+-------+-------+-------++-------
Melee: Dagger            |       |    13 |    29 |   119 ||   161
 Cast: Magic Dart        |    74 |   104 |    68 |   207 ||   453
       Call Imp          |     1 |       |       |       ||     1
       Mephitic Cloud    |     2 |     5 |    10 |    14 ||    31
       Conjure Flame     |     1 |     6 |    21 |    68 ||    96
       Repel Missiles    |       |     1 |       |       ||     1
       Iskenderun's Myst |       |    12 |    71 |   117 ||   200
       Dazzling Spray    |       |       |    19 |   135 ||   154
       Shroud of Golubri |       |       |       |    13 ||    13
       Blink             |       |       |       |     8 ||     8
       Iskenderun's Batt |       |       |       |    33 ||    33
       Passage of Golubr |       |       |       |     1 ||     1
Invok: Channel Energy    |       |       |    16 |     5 ||    21
Evoke: Wand              |       |     1 |       |       ||     1
  Use: Scroll            |     1 |     5 |    12 |     9 ||    27
       Potion            |       |       |     1 |     1 ||     2
 Stab: Confused          |       |     2 |     2 |     3 ||     7
       Invisible         |       |       |     2 |    10 ||    12
  Eat: Chunk             |     1 |     8 |    16 |    30 ||    55
       Fruit             |       |       |     1 |     2 ||     3
       Beef jerky        |       |       |       |     2 ||     2
       Pizza             |       |       |       |     3 ||     3
